 Dungeon Crawl Stone Soup version 0.30.0-5-g1a98f26d00 (webtiles) character file.

Game seed: 11915113061931935188

22733 Datul the Bludgeoner (level 13, -12/102 HPs)
             Began as a Human Cinder Acolyte on May 11, 2023.
             Was an Initiate of Ignis.
             Mangled by a death yak (19 damage)
             ... on level 3 of the Lair of Beasts.
             The game lasted 00:53:53 (13577 turns).

Datul the Bludgeoner (Human Cinder Acolyte)        Turns: 13577, Time: 00:53:54

Health: -12/102    AC: 17    Str: 19    XL:     13   Next: 29%
Magic:  14/14      EV:  9    Int: 10    God:    Ignis [......]
Gold:   752        SH:  9    Dex:  9    Spells: 12/14 levels left

rFire   + + +        a - +2 morningstar (vamp)
rCold   + + +        h - +0 kite shield
rNeg    . . .        u - +5 ring mail of Gugis {+Inv rF+ Will+ Int-5}
rPois   .            L - +2 helmet
rElec   +            x - +0 cloak
rCorr   +            (no gloves)
SInv    .            q - +0 pair of boots of the Harvest Moon {Contam +Blink rC+++ rCorr}
Will    +....        z - amulet of magic regeneration Stlth
                     E - ring of protection from cold
HPRegen 0.37/turn    H - ring "Koqes" {rElec rF+}
MPRegen 0.54/turn

%: no passive effects
@: no status effects
A: no striking features
a: Renounce Religion, Evoke Blink, Evoke Invisibility, Rising Flame


You were on level 3 of the Lair of Beasts.
You worshipped Ignis.
Ignis was noncommittal.
You visited 3 branches of the dungeon, and saw 13 of its levels.
You also visited: Bailey and Volcano.

You collected 920 gold pieces.
You spent 168 gold pieces at shops.

Inventory:

Hand Weapons
 a - a +2 vampiric morningstar (weapon)
 b - a +1 flail of flaming
 p - a +2 dagger of venom
 A - a +0 morningstar
 O - the +2 hand axe "Daifagijuo" {speed, rElec Int-4 Dex+4}
   (You found it on level 6 of the Dungeon)

   Int:       It affects your intelligence (-4).
   Dex:       It affects your dexterity (+4).
   rElec:     It insulates you from electricity.
Missiles
 f - 8 boomerangs
 r - 20 poisoned darts (quivered)
 v - a curare-tipped dart
 w - 5 atropa-tipped darts
 B - a throwing net
Armour
 e - a +0 buckler
 h - a +0 kite shield (worn)
 k - a +0 leather armour
 n - a +0 robe
 q - the +0 pair of boots of the Harvest Moon (worn) {Contam +Blink rC+++ rCorr}
   (You acquired it on level 8 of the Dungeon)

   rC:        It renders you almost immune to cold.
   +Blink:    It lets you blink.
   Contam:    It causes magical contamination when unequipped.
   rCorr:     It protects you from acid and corrosion.
 s - a +0 scale mail
 t - a +2 chain mail of fire resistance
 u - the +5 ring mail of Gugis (worn) {+Inv rF+ Will+ Int-5}
   (You found it on level 3 of the Dungeon)

   Int:       It affects your intelligence (-5).
   rF:        It protects you from fire.
   +Inv:      It lets you turn invisible.
   Will:      It increases your willpower.
 x - a +0 cloak (worn)
 I - +0 fire dragon scales
 L - a +2 helmet (worn)
Jewellery
 z - an amulet of magic regeneration (around neck)
 E - a ring of protection from cold (left hand)
 H - the ring "Koqes" (right hand) {rElec rF+}
   (You acquired it on level 8 of the Dungeon)

   [ring of protection from fire]

   rF:        It protects you from fire.
   rElec:     It insulates you from electricity.
 K - a ring of ice
 W - a ring of fire
Wands
 j - a wand of iceblast (6)
 P - a wand of digging (7)
 S - a wand of mindburst (4)
Scrolls
 c - a scroll of vulnerability
 m - a scroll of amnesia
 o - a scroll of teleportation
 y - 3 scrolls of enchant armour
 D - a scroll of torment {unknown}
 G - 2 scrolls of enchant weapon
 N - a scroll of fog {unknown}
 T - a scroll of brand weapon {unknown}
 U - 4 scrolls of magic mapping
 X - a scroll of poison
Potions
 d - 4 potions of curing
 g - 2 potions of mutation
 i - 3 potions of brilliance
 l - a potion of degeneration {unknown}
 F - 2 potions of ambrosia
 J - a potion of resistance
 M - 3 potions of flight {unknown}
 Q - a potion of cancellation {unknown}
 R - a potion of magic {unknown}
 V - a potion of haste {unknown}


   Skills:
 + Level 9.7 Fighting
 - Level 16.0 Maces & Flails
 - Level 8.0 Armour
 - Level 8.0 Shields
 - Level 1.0 Spellcasting
 - Level 3.0 Fire Magic


You had 12 spell levels left.
You knew the following spells:

 Your Spells              Type           Power      Damage    Failure   Level
a - Scorch                Fire           12%        2d6       45%         2

Your spell library contained the following spells:

 Spells                   Type           Power      Damage    Failure   Level
 Beastly Appendage        Tmut           0%         N/A       75%         1
 Magic Dart               Conj           0%         1d3       75%         1
 Sandblast                Erth           0%         2d4       75%         1
 Summon Small Mammal      Summ           0%         N/A       75%         1
 Lesser Beckoning         Tloc           0%         N/A       87%         2
 Passwall                 Tmut/Erth      0%         N/A       87%         2
 Searing Ray              Conj           0%         2d4       87%         2
 Wereblood                Tmut           0%         N/A       87%         2
 Call Canine Familiar     Summ           0%         N/A       98%         3
 Gell's Gravitas          Tloc           0%         N/A       98%         3
 Ozocubu's Armour         Ice            0%         N/A       98%         3
 Portal Projectile        Hex/Tloc       0%         N/A       98%         3
 Spider Form              Tmut/Pois      0%         N/A       98%         3
 Stone Arrow              Conj/Erth      0%         3d7       98%         3
 Summon Guardian Golem    Hex/Summ       0%         N/A       98%         3
 Teleport Other           Tloc           0%         N/A       98%         3
 Animate Armour           Summ/Erth      0%         N/A       100%        4
 Fulminant Prism          Conj/Hex       0%         3d5       100%        4
 Leda's Liquefaction      Hex/Erth       0%         N/A       100%        4
 Passage of Golubria      Tloc           0%         N/A       100%        4
 Silence                  Hex/Air        0%         N/A       100%        5
 Ozocubu's Refrigeration  Ice            0%         4d7       100%        7
 Lehudib's Crystal Spear  Conj/Erth      0%         10d2      100%        8


Dungeon Overview and Level Annotations

Branches:
Dungeon (9/15) Zot: 25427  Temple (1/1) D:6 Zot: 5998    Lair (3/5) D:9 Zot: 13489
  Swamp (0/4) Lair:3       Spider (0/4) Lair:3       Bailey (visited)
Volcano (visited)
    Orc: D:9-12

Altars:
Elyvilon
Gozag
Qazlal
Vehumet
The Shining One

Shops:
D:3 (

Annotations:
Lair:2 2 transporters, bungle's ghost, journeyman GrEE


Message History

You take 11 damage, and have 37/102 hp.
You puncture the death yak!
The death yak is almost dead.
The death yak gores you.
* * * LOW HITPOINT WARNING * * *
You take 4 damage, and have 33/102 hp.
You hit the death yak but do no damage.
The death yak is almost dead.
You barely miss the death yak.
The death yak is almost dead.
The death yak barely misses you.
You puncture the death yak!
You feel better.
The death yak is almost dead.
The death yak gores you!
* * * LOW HITPOINT WARNING * * *
You take 13 damage, and have 20/102 hp.
You hit the death yak but do no damage.
The death yak is almost dead.
The death yak gores you.
* * * LOW HITPOINT WARNING * * *
You take 4 damage, and have 16/102 hp.
You hit the death yak but do no damage.
The death yak is almost dead.
The death yak gores you.
* * * LOW HITPOINT WARNING * * *
You take 3 damage, and have 13/102 hp.
You hit the death yak but do no damage.
The death yak is almost dead.
You barely miss the death yak.
The death yak is almost dead.
The death yak gores you!
* * * LOW HITPOINT WARNING * * *
You take 11 damage, and have 2/102 hp.
Unknown command.
You barely miss the death yak.
The death yak is almost dead.
You block the death yak's attack.
Okay, then.
You feel better. The death yak gores you!!
You die...

# ##..###### ######+.!.. #
##P..####.## P..........#
####..........#####..........#
..............'..##...........
##............#...'...........
#.P..........#.##...........#
####..........####...........#
# #..........#####>.........#
# ##........<.YY@............#
#............####...........
###............# #...........
.....♣♣♣♣♣♣♣♣♣.# ###+.###.###
♣♣♣♣♣♣♣♣♣♣♣ ♣♣♣♣ #.#.#
♣≈≈~♣~≈†≈≈♣S≈§§ ##..##
.♣.....♣...♣§§§ ♣##.#..#
.....♣†......§§ ♣P##...#######
♣~~~~~~≈~~n~§§§
♣♣............#


You could see 2 death yaks.

Vanquished Creatures
  A hydra (Lair:3)
  An ogre mage (Volcano)
  5 two-headed ogres
  A death yak (Lair:3)
  A hell knight (Volcano)
  2 bog bodies (Lair:3)
  2 black mambas
  Maurice (D:8)
  A molten gargoyle (Volcano)
  4 elephants (Lair:2)
  9 cane toads
  A rime drake (Lair:2)
  2 komodo dragons
  2 polar bears
  4 blink frogs (Lair:2)
  2 shadows (D:9)
  A wraith (D:9)
  2 wyverns
  Eustachio (D:5)
  27 yaks
  A steam dragon (D:8)
  4 swamp worms (Lair:3)
  9 water moccasins
  An orc warrior (D:9)
  3 black bears
  2 ogres
  6 wolves (Lair:3)
  2 centaurs
  7 bullfrogs
  A kobold brigand (D:8)
  6 scorpions
  5 wights (D:8)
  3 killer bees (D:9)
  4 howler monkeys
  9 crimson imps (D:8)
  3 lava snakes (Volcano)
  4 orc priests
  A hound (D:5)
  3 jellies
  An iguana (D:5)
  4 orc wizards
  3 sleepcaps
  2 adders
  4 gnolls (D:2)
  2 white imps
  2 ufetubi
  4 dart slugs
  2 worms
  29 orcs
  6 bats
  4 endoplasms
  3 giant cockroaches
  A hobgoblin (D:1)
  6 kobolds
  4 quokkas
  8 ball pythons
  3 frilled lizards
  12 goblins
  7 rats
251 creatures vanquished.

Vanquished Creatures (collateral kills)
  A bullfrog (Lair:2)
  2 foxfires (D:5)
3 creatures vanquished.

Vanquished Creatures (others)
  A cane toad (Lair:1)
  A hornet (Lair:2)
  44 foxfires
46 creatures vanquished.

Grand Total: 300 creatures vanquished

Notes
Turn   | Place    | Note
-------+----------+-------------------------------------------
     0 | D:1      | Datul the Human Cinder Acolyte began the quest for the Orb.
     0 | D:1      | Reached XP level 1. HP: 18/18 MP: 2/2
   171 | D:1      | Reached XP level 2. HP: 24/24 MP: 3/3
   183 | D:1      | Learned a level 2 spell: Scorch
   722 | D:2      | Reached skill level 4 in Maces & Flails
   722 | D:2      | Reached XP level 3. HP: 15/29 MP: 4/4
  1076 | D:2      | Found a glowing golden altar of the Shining One.
  1245 | D:2      | Reached XP level 4. HP: 12/35 MP: 5/5
  1442 | D:2      | Reached skill level 5 in Maces & Flails
  1812 | D:3      | Found Muhamahilo's Antique Weapon Emporium.
  1821 | D:3      | Identified the +5 ring mail of Gugis {+Inv rF+ Will+ Int-5}
  2057 | D:3      | Reached XP level 5. HP: 25/41 MP: 6/6
  2438 | D:3      | Reached skill level 6 in Maces & Flails
  2438 | D:3      | Reached XP level 6. HP: 33/47 MP: 7/7
  2760 | D:4      | Noticed an ogre
  2769 | D:4      | Killed an ogre
  2849 | D:3      | Bought a glowing morningstar for 168 gold pieces
  2990 | D:4      | Reached skill level 7 in Maces & Flails
  3596 | D:5      | Entered Level 5 of the Dungeon
  3676 | D:5      | Found a stormy altar of Qazlal.
  3701 | D:5      | Reached XP level 7. HP: 23/52 MP: 8/8
  3890 | D:5      | Found a radiant altar of Vehumet.
  3961 | D:5      | Noticed Eustachio
  3976 | D:5      | Reached skill level 8 in Maces & Flails
  3997 | D:5      | Killed Eustachio
  3998 | D:5      | Reached skill level 9 in Maces & Flails
  3998 | D:5      | Reached XP level 8. HP: 58/58 MP: 9/9
  4111 | D:5      | Found a white marble altar of Elyvilon.
  4858 | D:6      | Found a staircase to the Ecumenical Temple.
  4864 | D:6      | Reached skill level 10 in Maces & Flails
  4868 | Temple   | Entered the Ecumenical Temple
  4991 | D:6      | Identified the +2 hand axe "Daifagijuo" {speed, rElec Int-4
                  | Dex+4}
  5473 | D:7      | Reached XP level 9. HP: 59/63 MP: 10/10
  5499 | D:7      | Reached skill level 11 in Maces & Flails
  5622 | D:8      | Identified 2 scrolls of acquirement
  5622 | D:8      | Acquired the ring "Koqes" {rElec rF+}
  5690 | D:8      | Noticed a two-headed ogre
  5700 | D:8      | Killed a two-headed ogre
  5701 | D:8      | Reached skill level 12 in Maces & Flails
  5747 | D:8      | Found an opulent altar of Gozag.
  5783 | D:8      | Found a flagged portal.
  5799 | Bailey   | Entered a bailey
  5951 | Bailey   | Noticed an orc knight
  6020 | D:8      | Noticed Maurice
  6023 | D:8      | Acquired the +0 pair of boots of the Harvest Moon {Contam
                  | +Blink rC+++ rCorr}
  6197 | D:8      | Reached skill level 13 in Maces & Flails
  6201 | D:8      | Reached XP level 10. HP: 58/70 MP: 11/11
  6327 | D:8      | Reached skill level 14 in Maces & Flails
  6640 | D:8      | Killed Maurice
  7185 | D:9      | Reached skill level 15 in Maces & Flails
  7212 | D:9      | Found a staircase to the Lair.
  7952 | D:9      | Reached XP level 11. HP: 75/75 MP: 12/12
  8276 | Lair:1   | Entered Level 1 of the Lair of Beasts
  8532 | D:9      | Reached skill level 16 in Maces & Flails
  8602 | Lair:1   | Reached skill level 5 in Fighting
  8799 | Lair:1   | Found a dark tunnel.
  8807 | Lair:1   | HP: 3/83 [komodo dragon (16)]
  9039 | Volcano  | Entered a volcano
  9209 | Volcano  | Found a radiant altar of Vehumet.
  9209 | Volcano  | Noticed a two-headed ogre
  9209 | Volcano  | Noticed a two-headed ogre
  9209 | Volcano  | Noticed an ogre mage
  9209 | Volcano  | Noticed a two-headed ogre
  9213 | Volcano  | Killed a two-headed ogre
  9213 | Volcano  | Killed a two-headed ogre
  9214 | Volcano  | Reached skill level 1 in Shields
  9216 | Volcano  | Killed an ogre mage
  9245 | Volcano  | Noticed a two-headed ogre
  9254 | Volcano  | Killed a two-headed ogre
  9292 | Volcano  | Noticed a hell knight
  9313 | Volcano  | Killed a hell knight
  9314 | Volcano  | Reached skill level 5 in Shields
  9314 | Volcano  | Reached XP level 12. HP: 63/92 MP: 13/13
 10481 | Lair:2   | Noticed bungle's ghost (journeyman GrEE)
 10482 | Lair:2   | Found a transporter.
 10487 | Lair:2   | Found a transporter.
 10533 | Lair:2   | Reached skill level 1 in Armour
 11089 | Lair:2   | Reached skill level 5 in Armour
 11677 | Lair:2   | Reached XP level 13. HP: 87/98 MP: 14/14
 12230 | Lair:3   | Noticed an eight-headed hydra
 12531 | Lair:3   | Killed an eight-headed hydra
 12738 | Lair:3   | Found a hole to the Spider Nest.
 13170 | Lair:3   | Found a staircase to the Swamp.
 13575 | Lair:3   | HP: 2/102 [death yak (12)]
 13577 | Lair:3   | Mangled by a death yak

Illustrated notes

Levels and vault maps discovered:
D:1:      erik_arrival_blinker_ship, layout_basic
D:2:      layout_loops_cross, basic_altar
D:3:      layout_loops_ring, portal_sewer_entry_b, serial_shops,
          nicolae_shop_pleasant_corner_grove
D:4:      minmay_skewed_foursquare, layout_basic
D:5:      dreamdust_elfheim, layout_basic, elyvilon_altar_1,
          general_overflow_altar, nicolae_qazlal_scattered_showers,
          uniq_eustachio
D:6:      layout_basic, minmay_temple_entry_mini_moons
D:7:      layout_rooms
D:8:      layout_basic, grunt_gozag_breadcrumbs, enter_bailey_3,
          eino_small_chamber_without_monster, minmay_nine_imps, uniq_maurice
D:9:      layout_gridville, due_lair_maze_entry_diamond
Temple:   mainiacjoe_temple_coin_purse
Lair:1:   layout_roguey, enter_volcano_2, grunt_megastairs_2, lemuel_fruit_tree
Lair:2:   layout_misc_corridors, gammafunk_ghost_arena, st_stairs_11
Lair:3:   layout_roguey, nicolae_swamp_entry_splash_gauntlet,
          spider_nest_entry_web_field

Skill      XL: |  1  2  3  4  5  6  7  8  9 10 11 12 13 |
---------------+----------------------------------------+-----
Maces & Flails | 4 5 6 7 9 10 13 15 16 | 16.0
Fighting       | 8 9 |  9.7
Shields        | 5 8 |  8.0
Armour         | 7 8 |  8.0
Spellcasting   | |  1.0
Fire Magic     | |  3.0

Action                     |  1- 3 |  4- 6 |  7- 9 | 10-12 | 13-15 || total
---------------------------+-------+-------+-------+-------+-------++-------
  Melee: Mace              |    66 |    94 |       |       |       ||   160
         Morningstar       |       |    38 |   203 |   733 |   156 ||  1130
         Flail             |       |       |       |       |    10 ||    10
  Throw: Dart              |       |     1 |     7 |    13 |       ||    21
 Invoke: Fiery Armour      |     2 |     1 |     1 |     2 |       ||     6
         Foxfire Swarm     |       |     3 |     1 |       |       ||     4
Ability: Evoke Blink       |       |       |       |     2 |     3 ||     5
  Evoke: Wand              |       |       |       |    15 |     1 ||    16
    Use: Scroll            |       |     3 |    15 |    12 |     3 ||    33
         Potion            |       |       |     3 |     9 |     4 ||    16
 Armour: Robe              |     6 |       |       |       |       ||     6
         Leather armour    |     9 |     3 |       |       |       ||    12
         Ring mail         |       |    70 |    94 |   270 |    69 ||   503
         Skin              |       |       |     5 |       |       ||     5
  Dodge: Dodged            |    21 |    55 |    74 |   215 |    55 ||   420
  Block: Kite shield       |    20 |    66 |    50 |   187 |    73 ||   396
